 Dungeon Crawl Stone Soup version 0.18-a0-1685-g4482fe3 (webtiles) character file.

8600 Kidiri the Thaumaturge (level 11, -3/62 HPs)
             Began as a Deep Elf Fire Elementalist on Apr 4, 2016.
             Was an Elder of Vehumet.
             Slain by a black mamba (13 damage)
             ... on level 1 of the Lair of Beasts.
             The game lasted 00:39:05 (13524 turns).

Kidiri the Thaumaturge (DEFE)                      Turns: 13524, Time: 00:39:06

Health: -3/62      AC:  8    Str:  5    XL:     11   Next: 12%
Magic:  14/24      EV: 15    Int: 24    God:    Vehumet [****..]
Gold:   122        SH:  9    Dex: 15    Spells: 8 memorised, 4 levels left

rFire  . . .     SeeInvis +     N - +0 trident "Cikkesm" {distort, Int+2}
rCold  + + .     Gourm    .     a - +2 robe
rNeg   . . .     Faith    .     E - +2 shield
rPois  .         Spirit   .     (helmet restricted)
rElec  .         Dismiss  .     (no cloak)
rCorr  +         Reflect  .     (no gloves)
SustAt .         Harm     .     F - +2 pair of boots
MR     +....     Clarity  +     C - amulet of magic regeneration
Stlth  ++........               i - ring of resist corrosion
                                K - ring of see invisible

@: lethally poisoned (-3 -> -9), somewhat resistant to hostile enchantments,
unstealthy
A: antennae 1, hooves 1, blurry vision 1, clarity, cold resistance 2, dopey 1,
low mp 1, shaggy fur 1, evolution 1, subdued magic 1
a: Renounce Religion


You were on level 1 of the Lair of Beasts.
You worshipped Vehumet.
Vehumet was greatly pleased with you.
You were not hungry.

You visited 3 branches of the dungeon, and saw 12 of its levels.

You collected 717 gold pieces.
You spent 595 gold pieces at shops.

Inventory:

Hand Weapons
 l - a +2 short sword of protection
 A - the +2 long sword of Abomination {freeze, +Fly rPois}
   (You found it on level 5 of the Dungeon)

   It has been specially enchanted to freeze those struck by it, causing extra
   injury to most foes and up to half again as much damage against particularly
   susceptible opponents.
   It can also slow down cold-blooded creatures.
   It protects you from poison.
   It lets you fly.
 M - the +5 broad axe of Muics {chop, Int+2}
   (You bought it in a shop on level 10 of the Dungeon)

   It inflicts extra damage upon your enemies.
   It affects your intelligence (+2).
 N - the +0 trident "Cikkesm" (weapon) {distort, Int+2}
   (You bought it in a shop on level 10 of the Dungeon)

   It warps and distorts space around it.
   Unwielding it can cause banishment or high damage.
   It affects your intelligence (+2).
Armour
 a - a +2 robe (worn)
 E - a +2 shield (worn)
 F - a +2 pair of boots (worn)
Jewellery
 g - an uncursed ring of teleportation
 i - a ring of resist corrosion (right hand)
 m - an uncursed amulet of the gourmand
 q - an uncursed ring of protection from cold
 C - an amulet of magic regeneration (around neck)
 K - a ring of see invisible (left hand)
Wands
 e - a wand of flame (30/48)
 k - a wand of disintegration (24/24)
 p - a wand of slowing (29/48)
 w - a wand of disintegration (14/24)
Scrolls
 h - a scroll of immolation
 t - 3 scrolls of remove curse
 y - a scroll of teleportation
 z - 2 scrolls of amnesia
 H - a scroll of silence
Potions
 d - a potion of curing
 f - 2 potions of brilliance
 n - a potion of haste
 o - a potion of agility
 s - a potion of berserk rage
 u - a potion of heal wounds
 x - a potion of lignification
 B - a potion of resistance
 G - a potion of might
 L - a potion of cancellation
Books
 b - a book of Flames

   Spells                             Type                      Level
   a - Flame Tongue                   Conjuration/Fire             1
   b - Throw Flame                    Conjuration/Fire             2
   c - Conjure Flame                  Conjuration/Fire             3
   d - Inner Flame                    Hexes/Fire                   3
   e - Sticky Flame                   Conjuration/Fire             4
   f - Fireball                       Conjuration/Fire             5
 r - a book of the Earth

   Spells                             Type                      Level
   a - Leda's Liquefaction            Hexes/Earth                  4
   b - Bolt of Magma                  Conjuration/Fire/Earth       5
   c - Statue Form                    Transmutation/Earth          6
   d - Iron Shot                      Conjuration/Earth            6
   e - Shatter                        Earth                        9
Comestibles
 c - 8 bread rations
 j - 8 meat rations
 v - 12 fruits
 D - 7 slices of pizza


   Skills:
 + Level 4.4 Fighting
 + Level 2.4 Armour
 * Level 8.7 Dodging
 - Level 2.4 Stealth
 + Level 2.4 Shields
 * Level 10.2 Spellcasting
 + Level 6.3 Conjurations
 + Level 6.6 Hexes
 + Level 7.0 Fire Magic
 + Level 2.4 Air Magic
 + Level 5.1 Earth Magic
 + Level 4.7 Poison Magic


You had 4 spell levels left.
You knew the following spells:

 Your Spells              Type           Power        Failure   Level  Hunger
a - Flame Tongue          Conj/Fire      ####.        1%          1    None
b - Throw Flame           Conj/Fire      ####..       1%          2    None
c - Conjure Flame         Conj/Fire      ####....     1%          3    None
d - Inner Flame           Hex/Fire       ####....     1%          3    None
e - Sticky Flame          Conj/Fire      ####....     2%          4    #......
f - Fireball              Conj/Fire      ####......   11%         5    ####...
g - Bolt of Magma         Conj/Fire/Erth ####......   16%         5    ####...
h - Mephitic Cloud        Conj/Pois/Air  ###.....     1%          3    None


Dungeon Overview and Level Annotations

Branches:
Dungeon (10/15)            Temple (1/1) D:4            Lair (1/8) D:9
    Orc: D:9-12

Altars:
Ashenzari
Cheibriados
Dithmenos
Elyvilon
Fedhas
Gozag
Kikubaaqudgha
Makhleb
Nemelex Xobeh
Okawaru
Pakellas
Qazlal
Ru
Sif Muna
Trog
Vehumet
Xom
Yredelemnul
Zin
The Shining One

Shops:
D:10 (


Innate Abilities, Weirdness & Mutations

You have a pair of small antennae on your head.
You have large cloven feet.
Scrolls take you a little longer to read.
You possess an exceptional clarity of mind.
Your flesh is very cold resistant.
You are dopey. (Int -2)
Your magical capacity is low (-10% MP).
You are covered in fur (AC +1).
You evolve.
Your spells are a little easier to cast, but a little less powerful.


Message History

The blink frog hits you.
The blink frog blinks!
The blink frog hits you! The black mamba closely misses you.
You closely miss the black mamba.
The black mamba is heavily wounded.
The blink frog burns! x2; The black mamba bites you.
You are poisoned.
The black mamba poisons you!
The blink frog hits you but does no damage.
The black mamba bites you. You block the blink frog's attack.
Your shield prevents you from hitting the black mamba.
The black mamba is heavily wounded.
You feel sick.
The blink frog burns! x2
You kill the blink frog!
Vehumet accepts your kill.
You feel your power returning. The black mamba bites you!
* * * LOW HITPOINT WARNING * * *
The black mamba bites you.
* * * LOW HITPOINT WARNING * * *
The black mamba bites you!
You die...

# .# . ### ..#
..######..#....
..............#
...............
.......@.......
.......SF......
...............
.#######.#.....
##..... ...#
..# ..P


You could see a black mamba and a blink frog (burning).

Vanquished Creatures
  A hydra (D:8)
  A deep elf mage (D:6)
  A centaur zombie (D:10)
  A komodo dragon (D:9)
  A troll (D:9)
  A two-headed ogre (D:10)
  Prince Ribbit (D:9)
  2 blink frogs (Lair:1)
  3 yaks
  A hungry ghost (D:7)
  A steam dragon (D:9)
  2 hippogriffs
  3 water moccasins
  2 orc warriors
  5 ice beasts
  2 sky beasts
  3 phantoms
  3 ogres
  6 centaurs
  4 crocodiles (D:9)
  3 big kobolds (D:8)
  2 giant frogs
  3 scorpions
  2 howler monkeys
  3 crimson imps
  4 hounds
  A giant frog skeleton (D:8)
  12 orc priests
  4 jellies
  24 orc wizards
  2 iguanas
  5 worker ants
  2 sheep (D:8)
  A hound zombie (D:5)
  2 hound skeletons
  2 worker ant zombies
  A howler monkey skeleton (D:8)
  8 adders
  3 shadow imps
  An ooze (D:5)
  2 adder zombies (D:6)
  An adder skeleton (D:4)
  A worm (D:3)
  3 dart slugs
  5 giant geckos
  60 orcs
  5 giant cockroaches
  7 goblins
  7 hobgoblins
  3 quokkas
  2 ball pythons
  3 bats
  3 giant newts
  4 kobolds
  A quokka skeleton (D:6)
  A quokka zombie (D:6)
  8 rats
245 creatures vanquished.

Notes
Turn   | Place    | Note
--------------------------------------------------------------
     0 | D:1      | Kidiri the Deep Elf Fire Elementalist began the quest for the Orb.
     0 | D:1      | Reached XP level 1. HP: 10/10 MP: 6/6
   128 | D:1      | Reached XP level 2. HP: 8/15 MP: 4/8
   135 | D:1      | Learned a level 2 spell: Throw Flame
   933 | D:2      | Gained mutation: You are covered in fur (AC +1). [potion of mutation]
   933 | D:2      | Gained mutation: Your flesh is heat resistant. [potion of mutation]
   933 | D:2      | Gained mutation: You evolve. [potion of mutation]
  1099 | D:2      | Reached XP level 3. HP: 20/20 MP: 6/10
  1104 | D:2      | Learned a level 3 spell: Conjure Flame
  1108 | D:2      | Learned a level 3 spell: Inner Flame
  1290 | D:2      | Found a blossoming altar of Fedhas.
  1720 | D:3      | Found a shadowy altar of Dithmenos.
  1720 | D:3      | Found a radiant altar of Vehumet.
  1720 | D:3      | Found an opulent altar of Gozag.
  1724 | D:3      | Became a worshipper of Vehumet
  1808 | D:3      | Reached skill level 1 in Hexes
  1962 | D:3      | Reached skill level 4 in Spellcasting
  1962 | D:3      | Reached XP level 4. HP: 24/24 MP: 1/12
  2139 | D:3      | Found an oddly glowing altar of Pakellas.
  2216 | D:3      | Reached XP level 5. HP: 22/28 MP: 0/13
  2438 | D:3      | Reached skill level 1 in Fighting
  2446 | D:3      | Learned a level 4 spell: Sticky Flame
  3235 | D:3      | Reached * piety under Vehumet
  3235 | D:3      | Offered knowledge of Sandblast by Vehumet.
  3594 | D:3      | Reached XP level 6. HP: 34/34 MP: 7/15
  3866 | D:2      | Learned a level 1 spell: Sandblast
  3963 | D:4      | Reached skill level 5 in Spellcasting
  3963 | D:4      | Reached skill level 1 in Earth Magic
  4212 | D:4      | Found a basalt altar of Yredelemnul.
  4252 | D:4      | Reached XP level 7. HP: 39/39 MP: 3/17
  4372 | D:4      | Found a staircase to the Ecumenical Temple.
  4648 | D:4      | Reached skill level 6 in Spellcasting
  4655 | D:4      | Found a glowing golden altar of the Shining One.
  4871 | Temple   | Entered the Ecumenical Temple
  5114 | D:5      | Entered Level 5 of the Dungeon
  5252 | D:5      | Gained mutation: You have large cloven feet. [evolution]
  5805 | D:5      | Offered knowledge of Sting by Vehumet.
  5880 | D:5      | Learned a level 5 spell: Fireball
  5908 | D:5      | Reached ** piety under Vehumet
  5908 | D:5      | Reached XP level 8. HP: 30/44 MP: 9/20
  5914 | D:5      | Learned a level 1 spell: Sting
  6207 | D:5      | Got a bloodstained long sword
  6208 | D:5      | Identified the cursed +2 long sword of Abomination {freeze, +Fly rPois} (You found it on level 5 of the Dungeon)
  6734 | D:5      | Gained mutation: Your flesh is cold resistant. [evolution]
  6845 | D:6      | Reached skill level 5 in Dodging
  6858 | D:6      | Reached skill level 7 in Spellcasting
  6858 | D:6      | Reached skill level 5 in Fire Magic
  7031 | D:6      | Reached skill level 1 in Poison Magic
  7254 | D:6      | Gained mutation: Scrolls take you a little longer to read. [evolution]
  7458 | D:6      | Noticed a deep elf mage
  7482 | D:6      | Reached skill level 5 in Conjurations
  7736 | D:6      | Killed a deep elf mage
  7736 | D:6      | Reached skill level 8 in Spellcasting
  7736 | D:6      | Reached skill level 5 in Hexes
  7736 | D:6      | Reached XP level 9. HP: 39/50 MP: 7/23
  7740 | D:6      | Offered knowledge of Mephitic Cloud by Vehumet.
  7745 | D:6      | Learned a level 3 spell: Mephitic Cloud
  7854 | D:6      | Found a shattered altar of Ashenzari.
  7898 | D:6      | Lost mutation: Your flesh is heat resistant. [potion of mutation]
  7898 | D:6      | Gained mutation: You have a pair of small antennae on your head. [potion of mutation]
  8093 | D:6      | Gained mutation: Your spells are a little easier to cast, but a little less powerful. [mutagenic meat]
  8094 | D:6      | Gained mutation: You are dopey. (Int -2) [mutagenic meat]
  8365 | D:7      | Reached *** piety under Vehumet
  8386 | D:7      | Reached skill level 1 in Armour
  8858 | D:7      | Reached skill level 1 in Air Magic
  8870 | D:7      | Offered knowledge of Airstrike by Vehumet.
  8914 | D:7      | Reached skill level 1 in Shields
  9567 | D:8      | Reached skill level 9 in Spellcasting
  9571 | D:8      | Gained mutation: You possess an exceptional clarity of mind. [mutagenic meat]
  9701 | D:8      | Gained mutation: Your magical capacity is low (-10% MP). [evolution]
  9834 | D:8      | Learned a level 5 spell: Bolt of Magma
  9871 | D:8      | Found a shimmering altar of Xom.
  9996 | D:8      | Reached **** piety under Vehumet
 10189 | D:8      | Reached XP level 10. HP: 8/56 MP: 8/22
 10679 | D:8      | Offered knowledge of Irradiate by Vehumet.
 10881 | D:8      | Noticed a three-headed hydra
 10893 | D:8      | Killed a four-headed hydra
 11739 | D:9      | Noticed Prince Ribbit
 11760 | D:9      | Killed Prince Ribbit
 12118 | D:9      | Reached skill level 5 in Earth Magic
 12140 | D:9      | Reached skill level 10 in Spellcasting
 12327 | D:9      | Found a staircase to the Lair.
 12834 | D:10     | Entered Level 10 of the Dungeon
 12873 | D:10     | Reached XP level 11. HP: 58/62 MP: 19/24
 13130 | D:10     | Found Benargh's Antique Weapon Boutique.
 13133 | D:10     | Bought a twisted broad axe for 306 gold pieces
 13133 | D:10     | Bought a shimmering trident for 289 gold pieces
 13133 | D:10     | Identified the +5 broad axe of Muics {chop, Int+2} (You bought it in a shop on level 10 of the Dungeon)
 13134 | D:10     | Identified the cursed +0 trident "Cikkesm" {distort, Int+2} (You bought it in a shop on level 10 of the Dungeon)
 13150 | D:10     | Gained mutation: Your flesh is very cold resistant. [evolution]
 13513 | Lair:1   | Entered Level 1 of the Lair of Beasts
 13524 | Lair:1   | Slain by a black mamba

Vault maps used:
D:1:      evilmike_arrival_rings
D:2:      overflow_temple_1_default
D:3:      grunt_temple_overflow_open, serial_curves, eino_curves_04,
          eino_curves_03, st_stairs_8, johnstein_pakellas_death_squad
D:4:      kennysheep_little_box, lemuel_coloured_pillars_altar, temple_fountains
D:5:      first_bread, minmay_misc_feat_pillars
D:6:      minmay_opposing_rooms, cheibrodos_ashenzari_chains, minivault_24,
          minmay_fountain_box
D:8:      tgw_xom, hangedman_ranch
D:9:      erik_lair_dragon, stair_cage_line, serial_park_tiny_2,
          uniq_prince_ribbit1
D:10:     serial_shops, kennysheep_mini_moat, serial_glass, glass_columns_c,
          glass_columns_b, item_on_display_b, minmay_strange_pillars,
          due_unseen_surprise
Temple:   oiseaux_autumnal_temple_12
Lair:1:   portal_ice_cave_entry_pillars_01, grunt_megastairs_4

Skill      XL: |  1  2  3  4  5  6  7  8  9 10 11 |
---------------+----------------------------------+-----
Hexes          | 1 2 3 4 5 6 |  6.6
Dodging        | 3 4 5 7 8 |  8.7
Spellcasting   | 4 5 6 8 9 10 | 10.2
Conjurations   | 2 3 4 5 6 |  6.3
Fighting       | 1 2 3 4 |  4.4
Fire Magic     | 4 5 6 7 |  7.0
Earth Magic    | 1 2 3 4 5 |  5.1
Poison Magic   | 2 3 4 |  4.7
Armour         | 1 2 |  2.4
Air Magic      | 1 2 |  2.4
Shields        | 1 2 |  2.4
Stealth        | |  2.4

Action                   |  1- 3 |  4- 6 |  7- 9 | 10-12 || total
-------------------------+-------+-------+-------+-------++-------
Melee: Unarmed           |     3 |       |       |       ||     3
       Short sword       |     4 |    47 |     7 |       ||    58
       Long sword        |       |       |    82 |    64 ||   146
       Trident           |       |       |       |     3 ||     3
 Cast: Flame Tongue      |    40 |    81 |   161 |   107 ||   389
       Throw Flame       |    19 |    18 |    58 |    18 ||   113
       Conjure Flame     |       |     2 |     6 |     9 ||    17
       Inner Flame       |       |     2 |     6 |     1 ||     9
       Sticky Flame      |       |     1 |    22 |    22 ||    45
       Sting             |       |       |     4 |       ||     4
       Fireball          |       |       |     4 |     4 ||     8
       Sandblast         |       |       |     1 |       ||     1
Evoke: Wand              |       |     1 |       |       ||     1
  Use: Scroll            |    10 |       |    16 |     7 ||    33
       Potion            |     1 |     4 |     1 |     2 ||     8
 Stab: Sleeping          |     1 |       |     1 |       ||     2
  Eat: Chunk             |     4 |    17 |    17 |     7 ||    45
       Royal jelly       |       |       |       |     2 ||     2
       Beef jerky        |       |       |       |     1 ||     1
